 Dungeon Crawl Stone Soup version 0.31-a0-1620-gcbf77bbcfc (webtiles) character file.

Game seed: 9462397136297149204

617 Flugslaktarn the Trooper (level 7, -2/64 HPs)
             Began as a Minotaur Fighter on Jan 11, 2024.
             Was an Initiate of Gozag.
             Slain by an ogre
             ... wielding a +0 giant spiked club
              (25 damage)
             ... on level 5 of the Dungeon.
             The game lasted 00:02:12 (3731 turns).

Flugslaktarn the Trooper (Minotaur Fighter)         Turns: 3731, Time: 00:02:12

Health: -2/64      AC:  7    Str: 22    XL:     7   Next: 21%
Magic:  6/6        EV:  9    Int:  5    God:    Gozag
Gold:   170        SH:  6    Dex: 10    Spells: 6/6 levels left

rFire   . . .        a - +0 war axe
rCold   . . .        c - +1 buckler
rNeg    . . .        b - +0 scale mail
rPois   .            (helmet restricted)
rElec   .            (no cloak)
rCorr   +            (no gloves)
SInv    .            (no boots)
Will    .....        (no amulet) Stlth
                     k - ring of resist corrosion
HPRegen 0.30/turn    (no ring)
MPRegen 0.10/turn

%: no passive effects
@: no status effects
A: horns 2, retaliatory headbutt
a: Renounce Religion, Potion Petition, Call Merchant, Bribe Branch


You were on level 5 of the Dungeon.
You worshipped Gozag.
Gozag was aware of your devotion.
You visited 2 branches of the dungeon, and saw 6 of its levels.

You collected 233 gold pieces.
You paid 63 gold pieces to Gozag.

Inventory:

Hand Weapons
 a - a +0 war axe (weapon)
Missiles
 s - 2 throwing nets (quivered)
Armour
 b - a +0 scale mail (worn)
 c - a +1 buckler (worn)
Jewellery
 k - a ring of resist corrosion (left hand)
   (You found it on level 3 of the Dungeon)
Scrolls
 f - a scroll of revelation
 i - a scroll of vulnerability {unknown}
 l - a scroll of fog
 n - 2 scrolls of enchant armour
 t - 3 scrolls of teleportation
Potions
 d - 3 potions of might
 e - 2 potions of brilliance {unknown}
 g - a potion of invisibility {unknown}
 h - a potion of mutation
 m - 2 potions of degeneration {unknown}
 o - a potion of heal wounds {unknown}
 p - a potion of lignification {unknown}


   Skills:
 * Level 6.6 Fighting
 * Level 5.8 Axes
 + Level 5.1 Armour
 + Level 5.2 Shields


You had 6 spell levels left.
You didn't know any spells.
Your spell library contained the following spells:

 Spells                   Type           Power      Damage    Failure   Level
 Slow                     Hex            0%         N/A       85%         1
 Confusing Touch          Hex            0%         N/A       99%         3
 Dazzling Flash           Conj/Hex       0%         N/A       99%         3
 Mephitic Cloud           Conj/Alch/Air  0%         N/A       99%         3
 Sigil of Binding         Hex            0%         N/A       99%         3
 Vampiric Draining        Necr           0%         2d6       99%         3
 Curse of Agony           Necr           0%         N/A       100%        5
 Silence                  Hex/Air        0%         N/A       100%        5


Dungeon Overview and Level Annotations

Branches:
Dungeon (5/15)             Temple (1/1) D:5

Altars:
Ashenzari
Dithmenos
Elyvilon
Gozag
Hepliaklqana
Kikubaaqudgha
Makhleb
Nemelex Xobeh
Qazlal
Sif Muna
Uskayaw
Wu Jian
Xom
Yredelemnul
Zin
The Shining One

Annotations:
D:5 2 transporters, p0werm0de's ghost, novice MiFi


Innate Abilities, Weirdness & Mutations

You have a pair of horns on your head.
You reflexively headbutt those who attack you in melee.


Message History

No reachable target in view!
You now have 109 gold pieces (gained 4).
You see here a +2 hand axe of pain.
No reachable target in view!
You now have 125 gold pieces (gained 16).
Found a stone staircase leading down.
The hound barks!
You hear two shouts!
A quokka comes into view.
Found 11 gold pieces.
Found a stone staircase leading up.
A quokka is nearby!
A quokka is nearby!
You barely miss the quokka. The quokka closely misses you.
You hit the quokka but do no damage. The quokka barely misses you.
You barely miss the quokka.
The quokka bites you but does no damage.
You block the quokka's attack.
You barely miss the quokka. The quokka barely misses you.
You furiously retaliate!
You headbutt the quokka!
You kill the quokka!
No target in view!
No target in view!
No target in view!
You now have 133 gold pieces (gained 8).
You now have 144 gold pieces (gained 11).
You open the door.
A hound and an adder come into view.
The hound barks!
You hear a shout!
There is an open door here.
The hound stops to sniff the ground.
The adder barely misses you. You furiously retaliate!
You headbutt the adder.
There are monsters nearby!
You slash the adder!
You kill the adder!
A hound is nearby!
A hound is nearby!
You slash the hound!
The hound is almost dead.
You block the hound's attack.
You hit the hound.
You kill the hound!
A gnoll comes into view. It is wielding a +0 whip.
A gnoll comes into view. It is wielding a +0 whip.
You see here 3 gold pieces.
A gnoll comes into view. It is wielding a +0 flail.
The gnoll shouts! x2
You slash the gnoll!
You kill the gnoll!
There are monsters nearby!
The gnoll hits you but does no damage.
Things that are here:
7 gold pieces; a +0 whip
There are monsters nearby!
You hit the gnoll. Your headbutt misses the gnoll.
The gnoll is heavily wounded.
You slash the gnoll! The gnoll hits you with a +0 flail!
The gnoll closely misses you.
You hit the gnoll.
You kill the gnoll!
You slash the gnoll!
You kill the gnoll!
No target in view!
No target in view!
No target in view!
No target in view!
No target in view!
You now have 151 gold pieces (gained 7).
You see here a +0 whip.
You now have 157 gold pieces (gained 6).
You see here a +0 whip.
You now have 162 gold pieces (gained 5).
You see here a +0 flail.
You now have 165 gold pieces (gained 3).
You now have 170 gold pieces (gained 5).
You open the door.
There is an open door here.
Found a stone staircase leading down.
No target in view!
You open the door.
An ogre and a phantom come into view.
There are monsters nearby!
There are monsters nearby!
You barely miss the ogre.
The ogre hits you with a +0 giant spiked club!
You barely miss the ogre. You block the ogre's attack.
You hit the ogre.
The ogre is lightly wounded.
You hit the ogre but do no damage.
The ogre is lightly wounded.
The ogre closely misses you.
You barely miss the ogre. You headbutt the ogre!
The ogre is heavily wounded.
The ogre hits you with a +0 giant spiked club!!
You are too injured to fight recklessly!
You are too injured to fight recklessly!
You are too injured to fight recklessly!
You hit the ogre.
The ogre is severely wounded.
The ogre hits you with a +0 giant spiked club!!
You die...
Your body crumbles into a pile of gold.

.......................#...#.....
.......................+...#.....
.................>.....##########
..............................<..
################.................
# *,,,,....,,#................. #
*,,,,.....,#................. #
*,,,,......#.................
*,,,,.....WO@................
**+**#.....#.......##########
*,,,,#....,#.......+...#.....
*,,,,#...,,#.......#,,,+,,,,,
*,,,,#..,,,#.......#,,*******
*,,,,#.,,,,#.......#,,**,,,**
*,,,,+,,,,,#.......+,,,*,,,,,
*,,,,*,,,,,#.......#,,,*,,,,,
*,,,,*******,,,,,,,**********


You could see an ogre and a phantom.

Vanquished Creatures
  A water moccasin (D:5)
  A scorpion (D:4)
  A bombardier beetle (D:4)
  A jelly (D:4)
  An orc priest (D:4)
  A gnoll bouda (D:4)
  4 hounds
  7 gnolls (D:5)
  6 adders
  2 ribbon worms (D:2)
  3 dart slugs
  6 orcs
  8 ball pythons
  8 bats
  5 endoplasms
  4 giant cockroaches
  4 goblins
  6 hobgoblins
  4 quokkas
  3 frilled lizards
  4 kobolds
  6 rats
  A butterfly (D:4)
87 creatures vanquished.

Notes
Turn   | Place    | Note
-------+----------+-------------------------------------------
     0 | D:1      | Flugslaktarn the Minotaur Fighter began the quest for the
                  | Orb.
     0 | D:1      | Reached XP level 1. HP: 19/19 MP: 0/0
   184 | D:1      | Reached XP level 2. HP: 24/27 MP: 1/1
   205 | D:1      | Reached skill level 4 in Fighting
   677 | D:2      | Reached XP level 3. HP: 31/33 MP: 2/2
  1256 | D:3      | Reached XP level 4. HP: 39/41 MP: 3/3
  2080 | D:4      | Found a shimmering altar of Xom.
  2180 | D:4      | Found a basalt altar of Yredelemnul.
  2313 | D:4      | Reached skill level 5 in Fighting
  2313 | D:4      | Reached XP level 5. HP: 25/48 MP: 4/4
  2420 | D:4      | Found a broken altar of Ashenzari.
  2754 | D:4      | Reached XP level 6. HP: 57/57 MP: 5/5
  2761 | D:4      | Reached skill level 5 in Axes
  2817 | D:4      | Found an ornate altar of the Wu Jian Council.
  3167 | D:5      | Entered Level 5 of the Dungeon
  3175 | D:5      | Found a transporter.
  3180 | D:5      | Found a transporter.
  3180 | D:5      | Noticed a two-headed ogre
  3180 | D:5      | Noticed p0werm0de's ghost (novice MiFi)
  3183 | D:5      | Noticed a water moccasin
  3201 | D:5      | Killed a water moccasin
  3202 | D:5      | Reached skill level 6 in Fighting
  3367 | D:5      | Reached skill level 5 in Shields
  3406 | D:5      | Found a staircase to the Ecumenical Temple.
  3438 | D:5      | Reached skill level 5 in Armour
  3438 | D:5      | Reached XP level 7. HP: 31/64 MP: 6/6
  3441 | Temple   | Entered the Ecumenical Temple
  3453 | Temple   | Became a worshipper of Gozag Ym Sagoz the Greedy
  3731 | D:5      | Slain by an ogre

Illustrated notes

Levels and vault maps discovered:
D:1:      dpeg_arrival_more_subterranean_lakeside_camping, layout_basic
D:2:      layout_rooms
D:3:      layout_basic, kennysheep_minor_cross
D:4:      layout_loops_ring, yredelemnul_altar_generic, marbit_many_paths,
          xom_butterflies, kennysheep_little_box
D:5:      layout_gridville, minmay_temple_entry_arrows, gammafunk_ghost_arena,
          hangedman_decor_lopped, nicolae_zig_zag_zippers
Temple:   nicolae_temple_no_exploring_needed

Skill      XL: |  1  2  3  4  5  6 |
---------------+-------------------+-----
Fighting       | 4 5 6 |  6.6
Axes           | 3 4 5 |  5.8
Shields        | 4 5 |  5.2
Armour         | 4 5 |  5.1

Action                     |  1- 3 |  4- 6 |  7- 9 || total
---------------------------+-------+-------+-------++-------
  Melee: War axe           |    71 |   104 |    26 ||   201
         Headbutt          |    10 |    15 |     2 ||    27
    Use: Potion            |       |     6 |       ||     6
         Scroll            |       |     5 |       ||     5
 Armour: Scale mail        |    40 |    93 |    14 ||   147
  Dodge: Dodged            |    34 |    40 |    11 ||    85
  Block: Buckler           |    17 |    18 |     6 ||    41

Table legend: (Time is in decaauts)
 A = Elapsed time spent in this place.
 B = Non-inter-level travel time spent in this place.
 C = Inter-level travel time spent in this place.
 D = Time resting spent in this place.
 E = Time spent auto-exploring this place.
 F = Levels seen in this place.
 G = Mean time per level.
                   A        B        C        D        E       F      G
               +--------+--------+--------+--------+--------+-----+--------+
         Total |   3793 |   3702 |     91 |    213 |   2955 |   6 |  632.2 |
       Dungeon |   3775 |   3690 |     85 |    213 |   2955 |   5 |  755.0 |
        Temple |     18 |     12 |      6 |      0 |      0 |   1 |   18.0 |
               +--------+--------+--------+--------+--------+-----+--------+

Top non-repeatable levels by time:
     D:4: 1098 daAuts
     D:3: 1054 daAuts
     D:1: 635 daAuts
     D:5: 560 daAuts
     D:2: 427 daAuts
  Temple: 18 daAuts
